 Dungeon Crawl Stone Soup version 0.17-a0-1718-g72dbe4d (webtiles) character file.

742 fiyawerx the Cudgeler (level 7, -3/52 HPs)
             Began as a Demonspawn Fighter on Aug 27, 2015.
             Slain by an orc warrior
             ... wielding a +0 dire flail
              (19 damage)
             ... on level 6 of the Dungeon.
             The game lasted 00:18:20 (4869 turns).

fiyawerx the Cudgeler (Demonspawn Fighter)          Turns: 4869, Time: 00:18:20

Health: -3/52      AC: 13    Str: 23    XL:     7   Next: 47%
Magic:  7/7        EV:  5    Int: 10    God:
Gold:   215        SH: 10    Dex: 12    Spells: 0 memorised, 6 levels left

rFire  + . .     SeeInvis +     a - +1 flail
rCold  . . .     Rnd*Rage +     l - +2 chain mail {rF+}
rNeg   . . .     SustAt   .     c - +1 shield
rPois  .         Gourm    .     d - +0 helmet
rElec  .         Spirit   .     w - +0 cloak
rCorr  .         Warding  .     (no gloves)
rMut   .         Stasis   .     (boots unavailable)
MR     .....                    (no amulet)
Stlth  ..........               (no ring)
                                (no ring)

@: mighty, not resistant to hostile enchantments, extremely unstealthy
A: talons 3, see invisible, berserk 1, wild magic 1
a: no special abilities


You were on level 6 of the Dungeon.
You were not hungry.

You visited 1 branch of the dungeon, and saw 6 of its levels.
You also visited: Sewer.

You collected 215 gold pieces.

Inventory:

Hand weapons
 a - a +1 flail (weapon)
 b - a +0 blowgun
 x - a +0 war axe
Missiles
 m - 7 curare-tipped needles
Armour
 c - a +1 shield (worn)
 d - a +0 helmet (worn)
 h - a +0 scale mail
 l - a +2 chain mail of fire resistance (worn)
 n - a +0 scale mail
 w - a +0 cloak (worn)
Magical devices
 s - a wand of slowing (48)
Scrolls
 f - 5 scrolls of identify
 k - a scroll of remove curse
 p - a scroll of enchant weapon
 q - a scroll of blinking
 u - 2 scrolls of teleportation
 v - a scroll of fear {unknown}
 y - a scroll of noise {unknown}
Potions
 g - a potion of haste
 i - 4 potions of curing
 r - 2 potions of magic
 t - a potion of might
 z - a potion of ambrosia {unknown}
Comestibles
 e - 4 bread rations
 j - 4 meat rations
 o - 3 slices of pizza


   Skills:
 - Level 3.0 Fighting
 * Level 7.8 Maces & Flails
 - Level 2.6 Armour
 - Level 2.6 Shields


You had 6 spell levels left.
You didn't know any spells.

Dungeon Overview and Level Annotations

Branches:
Dungeon (6/15)
 Temple: D:4-7

Altars:
Cheibriados
Elyvilon
Makhleb

Shops:
D:5 %


Innate Abilities, Weirdness & Mutations

You have claws for feet.
You have supernaturally acute eyesight.
You tend to lose your temper in combat.
Your spells are a little harder to cast, but a little more powerful.


Message History

You block the orc's attack.
You sock the orc!
You kill the orc!
The orc warrior hits you with a dire flail!
You see here a leather armour.
You closely miss the orc warrior.
The orc warrior hits you with a dire flail!
* * * LOW HITPOINT WARNING * * *
An ogre comes into view. It is wielding a giant club.
You closely miss the orc warrior.
The ogre shouts!
You claw the orc warrior, but do no damage.
The orc warrior hits you with a dire flail!
* * * LOW HITPOINT WARNING * * *
Drink which item? (? for menu, Esc to quit)
You feel better. You block the orc warrior's attack.
Drink which item? (? for menu, Esc to quit)
You feel very mighty all of a sudden.
The orc warrior hits you with a dire flail!!
You die...

... #.##.........
.... #.##.#.......
....#####....#.#.....
#.......##........#.
#........O..........
##.......o..#####.#.#
.........##..<...
...##.#o..#......
#.#@###......# #...#
###...##
#........###.#
#........# ..
..........#
.....$........
....########### #...
###


You could see an orc warrior, an ogre and an orc (wandering).

Vanquished Creatures
  The ghost of EonDragon20 the Poker, an average CeWr (D:4)
  A centaur (D:3)
  A big kobold (Sewer)
  A giant frog (D:6)
  A scorpion (D:4)
  An orc wizard (D:4)
  A giant frog skeleton (D:5)
  An iguana (D:4)
  A worker ant (D:5)
  A worker ant zombie (D:5)
  6 adders
  A river rat (D:4)
  6 oozes
  An adder skeleton (D:5)
  6 worms
  4 giant geckos
  7 orcs
  5 ball pythons
  10 bats
  10 giant cockroaches
  7 goblins
  10 hobgoblins
  9 jackals
  A giant gecko skeleton (D:4)
  4 giant newts
  17 kobolds
  A quokka skeleton (D:5)
  13 rats
128 creatures vanquished.

Notes
Turn   | Place    | Note
--------------------------------------------------------------
     0 | D:1      | fiyawerx the Demonspawn Fighter began the quest for the Orb.
     0 | D:1      | Reached XP level 1. HP: 18/18 MP: 1/1
   313 | D:1      | Gained mutation: You have sharp toenails. [demonic ancestry]
   313 | D:1      | Reached XP level 2. HP: 20/24 MP: 2/2
   969 | D:2      | Gained mutation: You have razor-sharp toenails. [demonic ancestry]
   969 | D:2      | Reached XP level 3. HP: 21/29 MP: 3/3
  1187 | D:2      | Reached XP level 4. HP: 13/35 MP: 4/4
  1194 | D:2      | Reached skill level 4 in Maces & Flails
  1699 | D:2      | Found a snail-covered altar of Cheibriados.
  2552 | D:3      | Gained mutation: You have claws for feet. [demonic ancestry]
  2552 | D:3      | Reached XP level 5. HP: 38/41 MP: 5/5
  2656 | D:3      | Noticed a centaur
  2670 | D:3      | Killed a centaur
  2670 | D:3      | Reached skill level 5 in Maces & Flails
  3016 | D:4      | Noticed EonDragon20's ghost (average CeWr)
  3027 | D:4      | Killed EonDragon20's ghost
  3027 | D:4      | Reached skill level 6 in Maces & Flails
  3027 | D:4      | Reached XP level 6. HP: 45/47 MP: 6/6
  3550 | D:4      | Found a glowing drain.
  3574 | Sewer    | Entered a sewer
  3800 | Sewer    | Reached skill level 7 in Maces & Flails
  3800 | Sewer    | Reached XP level 7. HP: 43/52 MP: 7/7
  4332 | D:5      | Entered Level 5 of the Dungeon
  4423 | D:5      | Gained mutation: You have supernaturally acute eyesight. [potion of mutation]
  4423 | D:5      | Gained mutation: You tend to lose your temper in combat. [potion of mutation]
  4423 | D:5      | Gained mutation: Your spells are a little harder to cast, but a little more powerful. [potion of mutation]
  4631 | D:5      | Found Kasyisainn's Food Shoppe.
  4686 | D:5      | Found a burning altar of Makhleb.
  4786 | D:5      | Found a white marble altar of Elyvilon.
  4869 | D:6      | Slain by an orc warrior

Vault maps used:
D:1:      dpeg_arrival_simpleton_a
D:2:      cheibriados_altar_wand_db, minmay_misc_feat_nine_boxes,
          grunt_ministairs_6
D:4:      portal_sewer_entry_b, first_bread
D:5:      kennysheep_mini, lightli_temple_of_fire, serial_shops, shop
D:6:      zin_statuary
Sewer:    sewer_co_15_rooms

Action                   |  1- 3 |  4- 6 |  7- 9 || total
-------------------------+-------+-------+-------++-------
Melee: Flail             |   140 |   313 |   112 ||   565
  Use: Potion            |       |     2 |     5 ||     7
       Scroll            |       |     9 |       ||     9
  Eat: Chunk             |     1 |     9 |     4 ||    14
